 Dungeon Crawl Stone Soup version 0.31-a0-986-g5e6e4ef867 (webtiles) character file.

Game seed: 220521593237382919

348 Zonian the Magician (level 6, 0/32 HPs)
             Began as a Deep Elf Fire Elementalist on Nov 19, 2023.
             Succumbed to a hornet's poison
             ... while paralysed by a hornet
             ... on level 4 of the Dungeon.
             The game lasted 00:09:07 (4408 turns).

Zonian the Magician (Deep Elf Fire Elementalist)    Turns: 4408, Time: 00:09:08

Health: 0/32       AC:  7    Str:  5    XL:     6   Next: 33%
Magic:  0/15       EV:  2    Int: 22    God:
Gold:   216        SH:  0    Dex: 15    Spells: 8/14 levels left

rFire   . . .        x - staff of conjuration {!a@e2staff}
rCold   . . .        (no shield)
rNeg    . . .        a - +0 robe
rPois   .            (no helmet)
rElec   .            v - +0 cloak
rCorr   .            (no gloves)
SInv    .            (no boots)
Will    .....        (no amulet)
Stlth   +++          j - +4 ring of protection
HPRegen 0.25/turn    (no ring)
MPRegen 0.14/turn

%: no passive effects
@: paralysed, lethally poisoned (0 -> -11), slowed
A: no striking features
a: no special abilities


You were on level 4 of the Dungeon.
You visited 1 branch of the dungeon, and saw 4 of its levels.

You collected 216 gold pieces.


   Skills:
 + Level 4.1 Dodging
 + Level 4.3 Stealth
 + Level 4.7 Spellcasting
 + Level 3.1 Conjurations
 + Level 1.6 Hexes
 + Level 4.5 Fire Magic


You had 8 spell levels left.
You knew the following spells:

 Your Spells              Type           Power      Damage    Failure   Level
a - Foxfire               Conj/Fire      100%       2x1d9     2%          1
b - Scorch                Fire           50%        2d7       2%          2
c - Inner Flame           Hex/Fire       18%        N/A       9%          3

Your spell library contained the following spells:

 Spells                   Type           Power      Damage    Failure   Level
 Jinxbite                 Hex            24%        N/A       8%          2
 Apportation              Tloc           10%        N/A       11%         1
 Ensorcelled Hibernation  Hex/Ice        16%        N/A       11%         2
 Volatile Blastmotes      Fire/Tloc      30%        2d12      12%         3
 Passwall                 Tmut/Erth      4%         N/A       16%         2
 Flame Wave               Conj/Fire      33%        2d10      22%         4
 Swiftness                Air            5%         N/A       30%         3
 Alistair's Intoxication  Tmut/Pois      3%         N/A       96%         5

Inventory:

Hand Weapons
 i - the +6 whip of Abuse {pain, Str+3, mace}
   (You found it on level 2 of the Dungeon)

   Str+3:     It affects your strength (+3).
 k - a +0 dagger {short}
   (You took it off a goblin on level 1 of the Dungeon)
 r - a +2 falchion of venom {long}
   (You found it on level 3 of the Dungeon)
Missiles
 n - 5 curare-tipped darts {=fthrowing}
Armour
 a - a +0 robe (worn)
 v - a +0 cloak (worn)
   (You found it on level 2 of the Dungeon)
Magical Staves
 x - a staff of conjuration (weapon) {!a@e2staff}
   (You found it on level 4 of the Dungeon)
Jewellery
 j - a +4 ring of protection (left hand)
   (You found it on level 3 of the Dungeon)
Scrolls
 c - a scroll of blinking {!r}
 d - a scroll of brand weapon {unknown}
 e - a scroll of enchant weapon {unknown}
 f - a scroll of revelation {unknown}
 m - 2 scrolls of enchant armour {unknown}
 q - a scroll of teleportation {unknown}
 u - a scroll of torment {unknown}
 y - a scroll of immolation {unknown}
Potions
 b - a potion of magic
 g - 2 potions of heal wounds {@q2}
 h - 2 potions of attraction {!q}
 l - a potion of cancellation
 o - a potion of degeneration {!q@e2}
 p - a potion of curing {@q1}
 s - a potion of mutation {unknown}
 t - a potion of haste {unknown}
 w - a potion of enlightenment {unknown}

Dungeon Overview and Level Annotations

Branches:
Dungeon (4/15) Zot: 19592
 Temple: D:4-7

Altars:

###### ######
##....##......
##P..P..y......
##..♣.P.@#.....
#.♣♣♣P...# ....
##..P♣♣♣)## ..
########...♣♣....#
.............♣.P!.$....
.................PK....
..............P♣...y...
.............P♣♣♣.P....
..............♣♣P....##


You could see a hornet (combustible).


Message History

You regained 4 hp, and now have 30/32 hp.
You lost 2 mp, and now have 5/14 mp.
Unknown command.
Key pressed, stopping explore.
Found a stone staircase leading down. 😎 HP[+2] MP[+9]
Your hp is fully restored (32).
Your mp is fully restored (14).
Unknown command.
You now have 216 gold pieces (gained 10).
Key pressed, stopping explore.
A dart slug and a hornet come into view.
The dart slug launches a dart at you. The slug dart hits you. 😕 HP[-2]
You take 2 damage, and now have 30/32 hp.
Unknown command. 😕 HP[+1]
You see here a dart slug corpse. 😎 HP[+1]
Your hp is fully restored (32).
A hobgoblin comes into view.
Okay, then.
Casting: Scorch (safe; 2% risk of failure)
Confirm with . or Enter, or press ? or * to list all spells.
Flames lash the hobgoblin.
You kill the hobgoblin! 😎 MP[-2]
You lost 2 mp, and now have 12/14 mp.
Unknown command.
Unknown command.
A kobold comes into view. It is wielding a +0 dagger.
The kobold shouts!
An iguana comes into view.
The iguana hisses menacingly.
The hornet buzzes angrily. 😎 MP[+1]
Casting: Scorch (safe; 2% risk of failure)
Confirm with . or Enter, or press ? or * to list all spells.
Flames lash the iguana.
The iguana's fire resistance burns away. 😎 MP[-2]
You lost 2 mp, and now have 11/14 mp.
Unknown command.
Casting: Scorch (safe; 2% risk of failure)
Confirm with . or Enter, or press ? or * to list all spells.
Flames lash the iguana.
The iguana is burned terribly!
You kill the iguana! 😎 MP[-2]
You lost 2 mp, and now have 9/15 mp.
Unknown command.
Unknown command.
Casting: Scorch (safe; 2% risk of failure)
Confirm with . or Enter, or press ? or * to list all spells.
Flames lash the kobold.
You kill the kobold! 😎 MP[-2]
You lost 2 mp, and now have 7/15 mp.
Unknown command.
You start resting.
A hornet is nearby!
Unknown command.
Casting: Scorch (safe; 2% risk of failure)
Confirm with . or Enter, or press ? or * to list all spells.
Flames lash the hornet.
The hornet's fire resistance burns away.
The hornet stings you.
You feel yourself slow down. The hornet misses you. 😕 HP[-5] MP[-2]
You take 5 damage, and now have 27/32 hp.
You lost 2 mp, and now have 5/15 mp.
Unknown command.
Casting: Scorch (safe; 2% risk of failure)
Confirm with . or Enter, or press ? or * to list all spells.
Flames lash the hornet.
The hornet is burned terribly!
The hornet closely misses you. The hornet stings you.
You feel as though you will be slow longer. 😮 HP[-4] MP[-1]
You take 4 damage, and now have 23/32 hp.
You lost 1 mp, and now have 4/15 mp.
Unknown command.
Casting: Scorch (safe; 2% risk of failure)
Confirm with . or Enter, or press ? or * to list all spells.
Flames lash the hornet.
The hornet stings you!
* * * LOW HITPOINT WARNING * * *
You feel as though you will be slow longer.
The hornet barely misses you. 😨 HP[-12] MP[-2]
You take 12 damage, and now have 11/32 hp.
MASSIVE DAMAGE!! (PAUSE)
You lost 2 mp, and now have 2/15 mp.
Casting: Scorch (safe; 2% risk of failure)
Confirm with . or Enter, or press ? or * to list all spells.
Flames lash the hornet.
The hornet is burned terribly!
The hornet stings you but does no damage. x2
The hornet stings you!
* * * LOW HITPOINT WARNING * * *
You are lethally poisoned!
You suddenly lose the ability to move!
You die...

Skill      XL: |  1  2  3  4  5 |
---------------+----------------+-----
Stealth        | 3 4 |  4.3
Dodging        | 3 4 |  4.1
Conjurations   | 2 3 |  3.1
Spellcasting   | 4 |  4.7
Fire Magic     | 4 |  4.5
Hexes          | 1 |  1.6

Action                     |  1- 3 |  4- 6 || total
---------------------------+-------+-------++-------
  Melee: Whip              |       |    10 ||    10
   Cast: Foxfire           |    87 |   131 ||   218
         Scorch            |     1 |    18 ||    19
    Use: Scroll            |       |     6 ||     6
   Stab: Sleeping          |       |     2 ||     2
 Armour: Robe              |     7 |    14 ||    21
  Dodge: Dodged            |     4 |    15 ||    19

Levels and vault maps discovered:
D:1:      dpeg_arrival_ternary, layout_rooms, chequers_serial_rivers_room_a,
          minmay_strange_pillars
D:2:      layout_rooms, minmay_misc_feat_roman, dreamdust_princess_bridge
D:3:      layout_loops_corners, reono_crystal_passage, minmay_surrounded
D:4:      layout_rooms, serial_forest, infiniplex_forest_straight_3,
          infiniplex_forest_straight_2, infiniplex_forest_zigzag_1,
          infiniplex_forest_clump_double, infiniplex_forest_clump_C, uniq_ijyb

Notes
Turn   | Place    | Note
-------+----------+-------------------------------------------
     0 | D:1      | Zonian the Deep Elf Fire Elementalist began the quest for
                  | the Orb.
     0 | D:1      | Reached XP level 1. HP: 10/10 MP: 6/6
     0 | D:1      | magus.rc [v1.9.6]
   272 | D:1      | Reached XP level 2. HP: 13/15 MP: 2/8
   910 | D:1      | Reached XP level 3. HP: 19/19 MP: 5/9
   913 | D:1      | Learned a level 2 spell: Scorch
  1023 | D:1      | Reached skill level 3 in Stealth
  1268 | D:2      | Reached skill level 3 in Dodging
  1441 | D:2      | Reached skill level 2 in Conjurations
  1470 | D:2      | Reached XP level 4. HP: 24/24 MP: 2/11
  1770 | D:2      | Reached skill level 4 in Spellcasting
  1770 | D:2      | Reached skill level 4 in Fire Magic
  2249 | D:2      | You pick up a book of Burglary and begin reading...
  2249 | D:2      | You add the spells Passwall, Ensorcelled Hibernation and
                  | Swiftness to your library.
  2259 | D:2      | Identified the +6 whip of Abuse {pain, Str+3}
  2444 | D:3      | Reached XP level 5. HP: 23/28 MP: 0/13
  2985 | D:3      | You pick up a book of Party Tricks and begin reading...
  2985 | D:3      | You add the spells Apportation, Jinxbite and Alistair's
                  | Intoxication to your library.
  2990 | D:3      | Learned a level 3 spell: Inner Flame
  3911 | D:4      | Reached skill level 4 in Stealth
  4126 | D:4      | Reached skill level 1 in Hexes
  4251 | D:4      | Reached skill level 4 in Dodging
  4251 | D:4      | Reached skill level 3 in Conjurations
  4251 | D:4      | Reached XP level 6. HP: 30/32 MP: 5/14
  4358 | D:4      | Noticed a hornet
  4407 | D:4      | HP: 2/32 [hornet (9)]
  4407 | D:4      | Paralysed by a hornet for 2 turns
  4408 | D:4      | Succumbed to a hornet's poison

Vanquished Creatures
  A scorpion (D:4)
  A sleepcap (D:4)
  An iguana (D:4)
  An orc wizard (D:3)
  6 gnolls (D:2)
  4 adders
  7 dart slugs
  5 orcs
  7 ball pythons
  12 endoplasms
  5 giant cockroaches
  11 goblins
  3 hobgoblins
  2 jackals (D:3)
  8 kobolds
  4 quokkas
  9 bats
  A frilled lizard (D:2)
  8 rats
96 creatures vanquished.

Vanquished Creatures (others)
  334 foxfires
334 creatures vanquished.

Grand Total: 430 creatures vanquished

Table legend:
 A = Non-vault XP
 B = Vault XP
 C = Vault XP percentage of total XP
 D = Non-vault monster count
 E = Vault monster count
 F = Vault count percentage of total count
                 A         B        C        D         E       F
            +---------+---------+-------+---------+---------+-------
      Total |     489 |       9 |   1.8 |      92 |       4 |   4.2
            +---------+---------+-------+---------+---------+-------
        D:1 |      52 |       0 |   0.0 |      28 |       0 |   0.0
        D:2 |     119 |       0 |   0.0 |      25 |       0 |   0.0
        D:3 |      97 |       9 |   8.5 |      21 |       4 |  16.0
        D:4 |     221 |       0 |   0.0 |      18 |       0 |   0.0
            +---------+---------+-------+---------+---------+-------

Skill      XL: |  1  2  3  4  5 |
---------------+----------------+-----
Stealth        | 3 4 |  4.3
Dodging        | 3 4 |  4.1
Conjurations   | 2 3 |  3.1
Spellcasting   | 4 |  4.7
Fire Magic     | 4 |  4.5
Hexes          | 1 |  1.6

Action                     |  1- 3 |  4- 6 || total
---------------------------+-------+-------++-------
  Melee: Whip              |       |    10 ||    10
   Cast: Foxfire           |    87 |   131 ||   218
         Scorch            |     1 |    18 ||    19
    Use: Scroll            |       |     6 ||     6
   Stab: Sleeping          |       |     2 ||     2
 Armour: Robe              |     7 |    14 ||    21
  Dodge: Dodged            |     4 |    15 ||    19

Illustrated notes

Table legend:
 A = Kills in this place as a percentage of kills in the entire game.
 B = Kills by you in this place as a percentage of kills by you in the entire game.
 C = Kills by friends in this place as a percentage of kills by friends in the entire game.
 D = Other kills in this place as a percentage of other kills in the entire game.
 E = Experience gained in this place as a percentage of experience gained in the entire game.
 F = Experience gained in this place divided by the number of levels of this place that you have seen.
                   A       B       C       D       E      F
               +-------+-------+-------+-------+-------+----------------------
         Total | 100.0 | 100.0 |   N/A |   N/A | 100.0 | 124.5
       Dungeon | 100.0 | 100.0 |   N/A |   N/A | 100.0 | 124.5
               +-------+-------+-------+-------+-------+----------------------

Table legend: (Time is in decaauts)
 A = Elapsed time spent in this place.
 B = Non-inter-level travel time spent in this place.
 C = Inter-level travel time spent in this place.
 D = Time resting spent in this place.
 E = Time spent auto-exploring this place.
 F = Levels seen in this place.
 G = Mean time per level.
                   A        B        C        D        E       F      G
               +--------+--------+--------+--------+--------+-----+--------+
         Total |   4407 |   4346 |     61 |    157 |   3527 |   4 | 1101.8 |
       Dungeon |   4407 |   4346 |     61 |    157 |   3527 |   4 | 1101.8 |
               +--------+--------+--------+--------+--------+-----+--------+

Top non-repeatable levels by time:
     D:3: 1394 daAuts
     D:1: 1257 daAuts
     D:2: 1121 daAuts
     D:4: 634 daAuts
